 Dungeon Crawl Stone Soup version 0.31-a0-321-g19405a7a6a (webtiles) character file.

Game seed: 11974046955319249146

265 HallandMoats the Insei (level 6, -3/44 HPs)
             Began as an Octopode Monk on July 17, 2023.
             Slain by a gnoll
             ... wielding a +0 club
             ... led by a gnoll bouda
              (10 damage)
             ... on level 3 of the Dungeon.
             The game lasted 00:04:24 (3481 turns).

HallandMoats the Insei (Octopode Monk)              Turns: 3481, Time: 00:04:24

Health: -3/44      AC: -7    Str: 12    XL:     6   Next: 20%
Magic:  6/6        EV: 14    Int: 13    God:
Gold:   267        SH:  0    Dex: 14    Spells: 5/5 levels left

rFire   . .          .
                       - Unarmed
rCold   . . .        b - orb {light}
rNeg    . . .        (helmet restricted)
rPois   .            (no amulet)
rElec   .            (no ring)
rCorr   .            (no ring)
SInv    .            (no ring)
Will    .....        (no ring)
Stlth   ++           (no ring)
HPRegen 0.27/turn    (no ring)
MPRegen 0.10/turn    (no ring)
                     (no ring)

%: no passive effects
@: corroded, glowing
A: almost no armour, amphibious, 8 rings, camouflage 1, gelatinous body 1,
(nimble swimmer 1), tentacles
a: no special abilities


You were on level 3 of the Dungeon.
You visited 1 branch of the dungeon, and saw 4 of its levels.

You collected 267 gold pieces.

Inventory:

Armour
 b - an orb of light (worn)
Scrolls
 c - a scroll of revelation {unknown}
 e - 5 scrolls of identify {unknown}
 g - 2 scrolls of fear {unknown}
 i - 2 scrolls of enchant armour {unknown}
 j - a scroll of teleportation {unknown}
 k - a scroll of silence {unknown}
 p - a scroll of enchant weapon {unknown}
Potions
 a - a potion of ambrosia
 d - 2 potions of enlightenment {unknown}
 f - a potion of experience {unknown}
 h - a potion of berserk rage {unknown}
 l - 4 potions of curing {unknown}
 m - 2 potions of might {unknown}
 n - a potion of degeneration {unknown}
 o - a potion of lignification {unknown}


   Skills:
 * Level 4.5 Fighting
 + Level 3.7 Dodging
 + Level 3.2 Stealth
 * Level 4.6 Unarmed Combat


You had 5 spell levels left.
You didn't know any spells.
Your spell library contained the following spells:

 Spells                   Type           Power      Damage    Failure   Level
 Apportation              Tloc           0%         N/A       30%         1
 Kiss of Death            Conj/Necr      0%         2d5       30%         1
 Necrotise                Necr           0%         1d4       30%         1
 Summon Small Mammal      Summ           0%         N/A       30%         1
 Call Canine Familiar     Summ           0%         N/A       67%         3
 Confusing Touch          Hex            0%         N/A       67%         3
 Summon Guardian Golem    Hex/Summ       0%         N/A       67%         3
 Volatile Blastmotes      Fire/Tloc      0%         2d10      67%         3
 Dispel Undead            Necr           0%         3d6       97%         4
 Fulminant Prism          Conj/Hex       0%         3d5       97%         4
 Iskenderun's Mystic Bla  Conj/Tloc      0%         2d3       97%         4


Dungeon Overview and Level Annotations

Branches:
Dungeon (4/15)
 Temple: D:4-7

Altars:

Shops:
D:1 *=((?


Innate Abilities, Weirdness & Mutations

You cannot wear most types of armour.
You are amphibious.
You can wear up to eight rings at the same time.
Your skin changes colour to match your surroundings (Stealth+).
Your rubbery body absorbs attacks. (AC +1, EV +1)
((You are camouflaged when in or above water. (Stealth+)))
You have tentacles for arms and can constrict up to eight enemies at once.


Message History

The jelly is moderately wounded.
The jelly hits you. The acid corrodes you!
You are splashed with acid!
You tentacle-slap the jelly.
Your tentacles burn!
You squeeze the jelly!
The jelly is almost dead.
The jelly barely misses you.
You tentacle-slap the jelly.
You kill the jelly!
A gnoll comes into view. It is wielding a +0 flail.
A gnoll is nearby!
The gnoll shouts!
You hear a shout!
A gnoll comes into view. It is wielding a +0 club.
A gnoll comes into view. It is wielding a +0 spear.
You hear a shout!
A gnoll bouda comes into view. It is wielding a +0 club.
Found a book of Spatial Translocations.
The gnoll bouda shouts!
There are monsters nearby!
The gnoll bouda barks out a call to the hunt!
The gnolls pick up the pace!
The gnoll misses you. The gnoll attacks as you move away!
The gnoll hits you with a +0 club!
The gnoll is no longer moving quickly.
The gnoll hits you from afar with a +0 spear.
There is a stone staircase leading up here.
The gnoll hits you with a +0 club.
The gnoll hits you from afar with a +0 spear!
* * * LOW HITPOINT WARNING * * *
You climb upwards.
There is a stone staircase leading down here.
You barely miss the gnoll. Your grab misses the gnoll.
You tentacle-slap the gnoll, but do no damage.
The gnoll hits you with a +0 club.
* * * LOW HITPOINT WARNING * * *
You barely miss the gnoll. You grab the gnoll.
You squeeze the gnoll, but do no damage.
You constrict the gnoll. The gnoll closely misses you.
You tentacle-slap the gnoll but do no damage.
You squeeze the gnoll, but do no damage.
You constrict the gnoll. The gnoll hits you with a +0 club!
You die...

#....# #.#
####.....#### #. #.##.#
#.# #.##### #.
#.##.######.### #.# #.
####.##..........# #.#
#.
........######.#.####.#
#. ####.##.# #........#
#. #.##.# ###.###### ##
####.##.# #.# ........#
#@# ####.#.## #g# ###.#
#.# ########### #.# #.#
#.......... #.###
#.######.#########
#...# #.....)#.# ###.#
######.#.# #.# ##.#..#
#.# ####.###.######


You could see a gnoll.

Vanquished Creatures
  2 jellies (D:4)
  An orc priest (D:3)
  An iguana (D:4)
  A gnoll (D:1)
  2 adders
  4 dart slugs
  3 orcs
  8 ball pythons
  3 bats
  10 endoplasms
  6 giant cockroaches
  16 goblins
  11 hobgoblins
  10 jackals
  3 quokkas
  4 frilled lizards
  9 kobolds
  3 rats
97 creatures vanquished.

Notes
Turn   | Place    | Note
-------+----------+-------------------------------------------
     0 | D:1      | HallandMoats the Octopode Monk began the quest for the Orb.
     0 | D:1      | Reached XP level 1. HP: 16/16 MP: 1/1
    12 | D:1      | Found Qalehil's Magic Scroll Boutique.
    53 | D:1      | Found Gitois's Weapon Shoppe.
    83 | D:1      | Found Gateeseo's Weapon Boutique.
   153 | D:1      | Reached XP level 2. HP: 21/21 MP: 2/2
   160 | D:1      | Reached skill level 1 in Stealth
   268 | D:1      | Found Wom Kych's Jewellery Shop.
   278 | D:1      | Reached XP level 3. HP: 16/26 MP: 3/3
   336 | D:1      | Found Qisavysti's Assorted Antiques.
  1541 | D:2      | Reached XP level 4. HP: 28/32 MP: 4/4
  1993 | D:3      | You fall into a shaft and drop 1 floor!
  2132 | D:4      | Reached XP level 5. HP: 37/37 MP: 5/5
  3386 | D:4      | Reached XP level 6. HP: 44/44 MP: 6/6
  3481 | D:3      | Slain by a gnoll

Illustrated notes

Levels and vault maps discovered:
D:1:      psy_arrival_fountain, layout_loops_corners, serial_shops, shop_statue,
          shop, shop, shop, shop, minivault_23, minmay_misc_feat_cross
D:2:      layout_loops_ring
D:3:      layout_loops_ring
D:4:      cheibrodos_greedy_goblins, layout_loops_cross, serial_aquarium,
          aquarium_bridge_long_separate [aquarium_subvault_balcony,
          aquarium_subvault_bridge, aquarium_subvault_bridge,
          aquarium_subvault_wall, aquarium_subvault_bridge,
          aquarium_subvault_bridge], aquarium_window_1, aquarium_window_2,
          aquarium_window_3, aquarium_window_fake, aquarium_view_2e,
          aquarium_balcony_3b

Skill      XL: |  1  2  3  4  5 |
---------------+----------------+-----
Stealth        | 1 2 3 |  3.2
Unarmed Combat | 4 |  4.6
Fighting       | 4 |  4.5
Dodging        | |  3.7

Action                     |  1- 3 |  4- 6 || total
---------------------------+-------+-------++-------
  Melee: Unarmed           |    71 |   103 ||   174
         Constrict         |    24 |    36 ||    60
         Tentacles         |    14 |    29 ||    43
         Punch             |     5 |     7 ||    12
   Stab: Sleeping          |     5 |     4 ||     9
 Armour: Skin              |     3 |     6 ||     9
  Dodge: Dodged            |    39 |    51 ||    90

Table legend: (Time is in decaauts)
 A = Elapsed time spent in this place.
 B = Non-inter-level travel time spent in this place.
 C = Inter-level travel time spent in this place.
 D = Time resting spent in this place.
 E = Time spent auto-exploring this place.
 F = Levels seen in this place.
 G = Mean time per level.
                   A        B        C        D        E       F      G
               +--------+--------+--------+--------+--------+-----+--------+
         Total |   3467 |   3380 |     87 |    161 |   2538 |   4 |  866.8 |
       Dungeon |   3467 |   3380 |     87 |    161 |   2538 |   4 |  866.8 |
               +--------+--------+--------+--------+--------+-----+--------+

Top non-repeatable levels by time:
     D:1: 1068 daAuts
     D:2: 857 daAuts
     D:3: 839 daAuts
     D:4: 701 daAuts
